 Dungeon Crawl Stone Soup version 0.30.0-10-gfe55d96785 (webtiles) character file.

Game seed: 14898208287599055879

256883 dolemite99 the Warrior (level 19, -35/146 HPs)
             Began as a Demonspawn Berserker on May 13, 2023.
             Was an Elder of Trog.
             Annihilated by an orc warlord
             ... wielding a +3 great sword of holy wrath
              (37 damage)
             ... on level 2 of the Vaults.
             The game lasted 01:32:52 (66999 turns).

dolemite99 the Warrior (Demonspawn Berserker)      Turns: 66999, Time: 01:32:54

Health: -35/146    AC: 40    Str: 20    XL:     19   Next: 8%
Magic:  19/19      EV: 20    Int:  9    God:    Trog [****..]
Gold:   411        SH: 18    Dex: 15    Spells: 18/18 levels left

rFire   + . .        a - +3 eveningstar (protect)
rCold   . . .        D - +1 kite shield {AC+3}
rNeg    + + .        W - +9 plate armour {ponderous}
rPois   .            (helmet restricted)
rElec   .            c - +1 cloak
rCorr   +            K - +2 pair of gloves
SInv    .            (boots unavailable)
Will    ++++.        Z - amulet of reflection Stlth
                     j - ring of protection from fire
HPRegen 1.44/turn    O - ring "Qioror" {rN++ Will+ rCorr EV+5 Dex-3}
MPRegen 0.16/turn

%: reflection
@: mighty, agile, strong-willed, under a protective aura, regenerating, slow
A: hooves 3, horns 2, foul stench 2, powered by pain 2, demonic touch 2, frail 1
}: 2/15 runes: decaying, serpentine
a: Renounce Religion, Berserk, Trog's Hand, Brothers in Arms


You were on level 2 of the Vaults.
You worshipped Trog.
Trog was greatly pleased with you.
You visited 6 branches of the dungeon, and saw 34 of its levels.
You also visited: Sewer and Bailey.

You collected 4256 gold pieces.
You spent 3845 gold pieces at shops.

Inventory:

Hand Weapons
 a - a +3 eveningstar of protection (weapon)
 b - the +6 sling "Giantslayer" {elec, rPois rCorr}
   (You found it on level 2 of the Dungeon)

   rPois:     It protects you from poison.
   rCorr:     It protects you from acid and corrosion.
 k - a +0 demon trident of electrocution
 V - a +2 demon whip of venom
Missiles
 l - 2 throwing nets
 G - 36 javelins
Armour
 c - a +1 cloak (worn)
 A - a +2 ring mail of fire resistance
 D - a +1 kite shield of protection (worn)
 K - a +2 pair of gloves (worn)
 L - a +0 tower shield
 W - a +9 plate armour of ponderousness (worn)
Jewellery
 j - a ring of protection from fire (left hand)
 p - an amulet of guardian spirit
 C - a ring of see invisible
 N - a +4 ring of protection
 O - the ring "Qioror" (right hand) {rN++ Will+ rCorr EV+5 Dex-3}
   (You found it on level 6 of the Dungeon)

   [ring of evasion]

   EV:        It affects your evasion (+5).
   Dex:       It affects your dexterity (-3).
   rN:        It greatly protects you from negative energy.
   rCorr:     It protects you from acid and corrosion.
   Will:      It increases your willpower.
 R - a ring of ice
 S - a ring of poison resistance
 Z - an amulet of reflection (around neck)
Wands
 t - a wand of flame (73)
 y - a wand of paralysis (3)
 B - a wand of polymorph (12)
 F - a wand of digging (3)
 X - a wand of roots (22)
Scrolls
 g - 3 scrolls of blinking
 m - a scroll of fear
 r - 5 scrolls of noise
 s - a scroll of magic mapping
 u - 4 scrolls of poison
 v - 8 scrolls of identify {@r1}
 x - 2 scrolls of silence
 E - 4 scrolls of vulnerability
Potions
 d - 6 potions of brilliance
 f - a potion of ambrosia
 h - 3 potions of attraction
 i - 4 potions of cancellation
 n - a potion of heal wounds
 o - 10 potions of flight
 q - 8 potions of curing
 z - 3 potions of might
 I - 4 potions of magic
 J - a potion of invisibility
 M - 8 potions of mutation
 P - a potion of berserk rage
 Q - 5 potions of lignification
Miscellaneous
 e - a phial of floods
 w - a tin of tremorstones (1/2)
 H - a box of beasts (inert)
 T - a lightning rod (inert)


   Skills:
 - Level 18.0 Fighting
 - Level 13.6(15.9) Axes
 - Level 10.6(13.5) Maces & Flails
 - Level 9.0(12.4) Polearms
 - Level 12.3 Ranged Weapons
 + Level 12.6 Armour
 - Level 11.5 Dodging
 - Level 12.7 Shields
 - Level 6.6 Evocations


You had 18 spell levels left.
You didn't know any spells.
Your spell library contained the following spells:

 Spells                   Type           Power      Damage    Failure   Level
 Ensorcelled Hibernation  Hex/Ice        0%         N/A       100%        2
 Lesser Beckoning         Tloc           0%         N/A       100%        2
 Gell's Gravitas          Tloc           0%         N/A       100%        3
 Teleport Other           Tloc           0%         N/A       100%        3
 Simulacrum               Ice/Necr       0%         N/A       100%        6
 Storm Form               Tmut/Air       0%         N/A       100%        7


Dungeon Overview and Level Annotations

Branches:
Dungeon (15/15)            Temple (0/1) D:4            Lair (5/5) D:9
  Swamp (4/4) Lair:2        Snake (4/4) Lair:3        Slime (0/5) Lair:5
    Orc (2/2) D:9             Elf (0/3) Orc:2        Vaults (4/5) D:13
 Depths (0/4) D:15          Sewer (visited)          Bailey (visited)
  Crypt: Vaults:2-3

Altars:
Ashenzari
Gozag
Kikubaaqudgha
Okawaru
Sif Muna
Vehumet
Wu Jian
Yredelemnul

Shops:
D:8 =   D:11 *   Orc:2 (*[(   Snake:1 =::   Snake:3 ?   Vaults:2 *

Annotations:
D:5 1 runed translucent door
D:12 exclusion: downstairs
Lair:3 exclusions: downstairs and 2 oklob plants
Swamp:2 1 runed translucent door, Huckebein's ghost, journeyman GrMo
Snake:2 3 runed translucent doors, Zonian's ghost, adept HOFi
Snake:3 exclusion: downstairs
Vaults:2 3 runed translucent doors, ragingrage's ghost, veteran HOFi


Innate Abilities, Weirdness & Mutations

You have hooves in place of feet.
You have a pair of horns on your head.
You sometimes emit foul miasma when damaged in melee.
You sometimes gain power by taking damage.
Your touch may inflict irresistible damage on your foes.
You are frail. (-10% HP)


Message History

The orc warlord is heavily wounded.
You block the orc warlord's attack. You block the orc knight's attack.
The orc knight barely misses you.
You barely miss the orc warlord. Your kick misses the orc warlord.
You headbutt the orc warlord, but do no damage.
The orc warlord is moderately wounded.
The orc warlord hits you with a +3 great sword of holy wrath!!
You focus on the pain.
You feel very mighty all of a sudden.
You convulse!!
You block the orc knight's attack. x2
You barely miss the orc warlord. You kick the orc warlord!
The orc warlord is heavily wounded.
You block the orc warlord's attack.
You puncture the orc warlord! Your kick misses the orc warlord.
You headbutt the orc warlord!
The orc warlord is severely wounded.
You block the orc knight's attack.
The orc knight hits you but does no damage.
You block the orc warlord's attack.
You sock the orc knight! You kick the orc knight.
The orc knight is moderately wounded.
The orc knight misses you. You block the orc knight's attack.
The orc warlord hits you with a +3 great sword of holy wrath!!
* * * LOW HITPOINT WARNING * * *
You convulse!!
* * * LOW HITPOINT WARNING * * *
You focus on the pain.
You feel more agile all of a sudden.
You emit a cloud of foul miasma!
You closely miss the orc knight. You headbutt the orc knight.
The orc knight is moderately wounded.
The orc knight hits you with a +0 great sword!
* * * LOW HITPOINT WARNING * * *
You focus on the pain.
You feel more agile all of a sudden.
You emit a cloud of foul miasma!
You block the orc knight's attack.
The orc warlord is engulfed in dark miasma.
The orc warlord is poisoned.
The orc warlord seems to slow down.
The orc warlord hits you with a +3 great sword of holy wrath!!!
You die...

.#..#
#........'...###....'...
.#..#
##########....#'#...#...
.#..# #.....###..#... o+..#
#......###.#... o+..#
#.......####...
C+..######### #........#
#...
o#..#.......########'#######
#...
W#..'.......'..o........#
#...
o#..#.......#...@o......#
####
.#..#.......#..o........#
#...
.#..'...[...#...........#
#...
##8.#.......#...........#
#...
####.......+...........#
#...
#####.......########'#####
#... ....'.......# #......#
#... ###.#.......# #......#
#### #C#.######### #......#


You could see an orc warlord (strong, poisoned, slow) and 2 orc knights.

Vanquished Creatures
  A bone dragon (Swamp:4)
  Rupert (D:13)
  A thorn hunter (Swamp:3)
  2 nagarajas (Snake:4)
  3 vault wardens
  Louise (D:15)
  2 ghouls (Swamp:4)
  9 ironbound preservers
  3 ironbound thunderhulks (Vaults:1)
  3 very ugly things
  A war gargoyle (Vaults:3)
  An orc warlord (Vaults:3)
  5 eleionomae
  3 dire elephants
  3 bunyips
  The ghost of Bukhlaj the Cleaver, a journeyman HOFi of Beogh (Lair:1)
  Josephine (D:15)
  An entropy weaver (Vaults:1)
  A deep elf high priest (Vaults:1)
  4 yaktaur captains (Vaults:1)
  3 salamander tyrants (Snake:4)
  8 hydras
  5 great orbs of eyes
  A catoblepas (Lair:5)
  Erolcha (D:10)
  A peacekeeper (Vaults:3)
  3 spriggan air magi (Swamp:1)
  3 rakshasas
  4 ghost crabs
  9 anacondas
  6 ogre magi
  10 centaur warriors
  6 ironbound frosthearts
  32 two-headed ogres
  3 boulder beetles
  9 naga warriors
  17 alligators
  8 death yaks
  3 tengu warriors
  An orc high priest (Vaults:2)
  Urug (D:13)
  A spriggan berserker (Swamp:1)
  A deep troll shaman (Lair:5)
  4 shock serpents
  7 naga sharpshooters
  Amaemon (Lair:2)
  2 salamander mystics (Snake:4)
  3 skysharks
  11 sea snakes (Snake:4)
  20 deep trolls
  A death drake (Swamp:4)
  A skeletal warrior (D:13)
  2 goliath frogs (Swamp:3)
  A spriggan druid (Swamp:3)
  An obsidian statue (D:11)
  3 spectral hydras (Swamp:4)
  The ghost of Nidhogg036 the Ruffian, a novice TrMo (D:6)
  The ghost of booth the Cleaver, a novice DsGl of Hepliaklqana (D:6)
  6 naga ritualists
  5 bog bodies
  A glowing orange brain (D:15)
  A harpy (Vaults:2)
  4 ironbound convokers
  6 mana vipers
  A swamp dragon (Swamp:3)
  2 wizards
  2 deep elf pyromancers
  12 lindwurms
  5 orc knights
  A shining eye (Snake:3)
  5 manticores
  The ghost of Fractals the Covered, a novice DsGl (D:6)
  The ghost of bungle the Magician, a novice DjCj of Ashenzari (D:5)
  An orc sorcerer (Orc:1)
  4 salamanders
  5 will-o-the-wisps
  4 cyclopes
  6 ugly things
  A centaur zombie (D:10)
  5 guardian serpents
  29 black mambas
  Joseph (D:9)
  14 naga magi
  7 elephants (Lair:5)
  2 torpor snails (Lair:4)
  An orange demon (Lair:2)
  17 cane toads
  4 gargoyles
  The ghost of SecretSquirrel the Shooter, a novice BaHu of Hepliaklqana (D:6)
  6 vault sentinels
  A centaur skeleton (D:10)
  2 unseen horrors
  15 komodo dragons
  4 swamp worm zombies (Swamp:4)
  8 yaktaurs
  A rime drake (Lair:5)
  An efreet (D:13)
  4 trolls
  2 polar bears
  3 hydra zombies (Swamp:4)
  2 bloated husks (Swamp:4)
  A hellwing (D:10)
  4 hornets
  16 blink frogs
  8 tyrant leeches
  10 dream sheep
  3 alligator zombies (Swamp:4)
  17 slime creatures
  7 spriggans
  5 shadows
  2 vampires (D:12)
  6 wyverns
  8 wraiths
  A wyvern (shapeshifter) (D:13)
  46 yaks
  Eustachio (D:6)
  4 basilisks
  A golden eye (shapeshifter) (D:15)
  2 steam dragons
  A redback (shapeshifter) (D:13)
  16 humans (D:13)
  2 vampire mosquitoes (Swamp:3)
  Menkaure (D:4)
  A warg (Orc:2)
  48 nagas
  13 water moccasins
  Duvessa (D:6)
  2 acid dragons
  21 swamp worms
  3 black bears
  An ice beast (D:7)
  4 swamp dragon zombies (Swamp:4)
  28 ogres
  2 swamp drakes (Swamp:1)
  21 orc warriors
  7 boggarts
  2 sky beasts (D:6)
  The ghost of soul19 the Trooper, an amateur DsFi (D:3)
  14 wolves
  14 centaurs
  3 phantoms (Swamp:4)
  2 kobold brigands (D:10)
  2 gnoll sergeants (D:10)
  11 bullfrogs
  A necrophage (Swamp:4)
  3 scorpions
  6 wights (D:9)
  Dowan (D:6)
  23 killer bees
  7 electric eels
  6 howler monkeys
  8 orc priests
  5 jellies
  2 sleepcaps
  Jessica (D:3)
  8 iguanas
  A boggart zombie (D:10)
  10 orc wizards
  12 gnolls
  14 adders
  5 river rats
  4 swamp drake zombies (Swamp:4)
  2 shadow imps
  2 white imps (D:6)
  7 worms
  A dart slug (D:5)
  69 orcs
  15 ball pythons
  4 endoplasms
  5 giant cockroaches
  9 goblins
  4 hobgoblins
  9 jackals
  2 kobolds (D:1)
  6 quokkas
  10 bats
  A frilled lizard (D:1)
  7 rats
1079 creatures vanquished.

Vanquished Creatures (collateral kills)
  3 death yaks
  A mana viper (Snake:4)
  2 centaur zombies (D:10)
  A naga mage (Snake:4)
  A centaur skeleton (D:10)
  A hellwing (D:10)
  2 yaks (Lair:3)
  A naga (Snake:4)
  A warg (D:9)
  A howler monkey (D:9)
  4 shadow imps (D:10)
  An orc (D:9)
  A goblin (D:9)
20 creatures vanquished.

Vanquished Creatures (others)
  A fenstrider witch (Swamp:3)
  An eleionoma (Swamp:1)
  An alligator (Swamp:1)
  A goliath frog (Swamp:1)
  A wizard (D:15)
  A deep elf pyromancer (D:12)
  6 bloated husks
  2 hornets
  A swamp worm (Swamp:4)
  3 phantoms (Swamp:4)
  A spectral swamp drake (Swamp:4)
  24 foxfires
43 creatures vanquished.

Grand Total: 1142 creatures vanquished

Notes
Turn   | Place    | Note
-------+----------+-------------------------------------------
     0 | D:1      | dolemite99 the Demonspawn Berserker began the quest for the
                  | Orb.
     0 | D:1      | Reached XP level 1. HP: 18/18 MP: 1/1
   221 | D:1      | Found a faded altar of an unknown god.
   399 | D:1      | Gained mutation: You sometimes gain a little power by
                  | taking damage. [demonic ancestry]
   399 | D:1      | Reached XP level 2. HP: 21/24 MP: 2/2
   915 | D:1      | Reached XP level 3. HP: 27/29 MP: 3/3
  1432 | D:2      | Reached skill level 1 in Polearms
  1572 | D:2      | Discovered your monstrous ancestry.
  1572 | D:2      | Gained mutation: You have large cloven feet. [demonic
                  | ancestry]
  1572 | D:2      | Reached XP level 4. HP: 35/35 MP: 4/4
  1822 | D:2      | Found Jijuokid's Magic Scroll Shop.
  1827 | D:2      | Bought a scroll of teleportation for 42 gold pieces
  2565 | D:2      | Identified the +6 sling "Giantslayer" {elec, rPois rCorr}
  2644 | D:3      | Reached skill level 1 in Ranged Weapons
  2644 | D:3      | Reached XP level 5. HP: 32/41 MP: 5/5
  2688 | D:3      | Found a glowing drain.
  2713 | Sewer    | Entered a sewer
  2965 | Sewer    | Reached ** piety under Trog
  3632 | Sewer    | Gained mutation: You have hoof-like feet. [demonic
                  | ancestry]
  3632 | Sewer    | Reached XP level 6. HP: 46/47 MP: 6/6
  3859 | D:3      | Found a runed translucent door.
  3859 | D:3      | Noticed soul19's ghost (amateur DsFi)
  3995 | D:3      | Found a faded altar of an unknown god.
  3998 | D:3      | Found a basalt altar of Yredelemnul.
  4010 | D:3      | Noticed Jessica
  4011 | D:3      | Killed Jessica
  4382 | D:3      | Killed soul19's ghost
  4580 | D:3      | Identified a scroll of acquirement
  4580 | D:3      | Acquired 1270 gold pieces
  4633 | D:2      | Bought a scroll of poison for 56 gold pieces
  4633 | D:2      | Bought a scroll of poison for 56 gold pieces
  4633 | D:2      | Bought a scroll of enchant weapon for 105 gold pieces
  4633 | D:2      | Bought a scroll of enchant armour for 105 gold pieces
  4633 | D:2      | Bought a scroll of blinking for 105 gold pieces
  4633 | D:2      | Bought a scroll of enchant weapon for 105 gold pieces
  4633 | D:2      | Bought a scroll of magic mapping for 105 gold pieces
  4633 | D:2      | Bought a scroll of enchant armour for 105 gold pieces
  4633 | D:2      | Bought a scroll of blinking for 105 gold pieces
  4829 | D:4      | Noticed Menkaure
  4833 | D:4      | Killed Menkaure
  4834 | D:4      | Reached skill level 5 in Ranged Weapons
  4834 | D:4      | Gained mutation: You sometimes gain power by taking damage.
                  | [demonic ancestry]
  4834 | D:4      | Reached XP level 7. HP: 16/52 MP: 7/7
  5363 | D:4      | Found an iron altar of Okawaru.
  5377 | D:4      | Found a radiant altar of Vehumet.
  5470 | D:4      | Found an opulent altar of Gozag.
  5521 | D:4      | Found a staircase to the Ecumenical Temple.
  5660 | D:5      | Entered Level 5 of the Dungeon
  5845 | D:5      | Reached *** piety under Trog
  6121 | D:5      | Found a runed translucent door.
  6122 | D:5      | Noticed bungle's ghost (novice DjCj)
  6225 | D:5      | Found a runed translucent door.
  6311 | D:5      | Gained mutation: You may rarely emit foul miasma when
                  | damaged in melee. [demonic ancestry]
  6311 | D:5      | Reached XP level 8. HP: 55/58 MP: 8/8
  6473 | D:5      | Killed bungle's ghost
  7191 | D:6      | Found a broken altar of Ashenzari.
  7200 | D:6      | Noticed Duvessa
  7200 | D:6      | Noticed Dowan
  7215 | D:6      | Killed Duvessa
  7225 | D:6      | Killed Dowan
  7673 | D:6      | Found a runed translucent gate.
  7673 | D:6      | Found a runed translucent gate.
  7673 | D:6      | Found a runed translucent gate.
  7674 | D:6      | Noticed Fractals's ghost (novice DsGl)
  7674 | D:6      | Noticed SecretSquirrel's ghost (novice BaHu)
  7674 | D:6      | Noticed Nidhogg036's ghost (novice TrMo)
  7678 | D:6      | Noticed booth's ghost (novice DsGl)
  7797 | D:6      | Gained mutation: You have hooves in place of feet. [demonic
                  | ancestry]
  7797 | D:6      | Reached XP level 9. HP: 63/63 MP: 9/9
  7881 | D:6      | Reached skill level 10 in Ranged Weapons
  8038 | D:6      | Noticed Eustachio
  8050 | D:6      | Killed Eustachio
  9874 | D:8      | Found a flagged portal.
  9885 | Bailey   | Entered a bailey
  9887 | Bailey   | Reached **** piety under Trog
 11173 | Bailey   | Gained mutation: You sometimes emit foul miasma when
                  | damaged in melee. [demonic ancestry]
 11173 | Bailey   | Reached XP level 10. HP: 70/70 MP: 10/10
 11849 | D:8      | Reached skill level 4 in Fighting
 12013 | D:8      | Reached skill level 5 in Fighting
 12190 | D:8      | Found a shimmering blue altar of Sif Muna.
 12233 | D:8      | Found Kigrew's Jewellery Emporium.
 12241 | D:8      | Bought a +4 ring of protection for 432 gold pieces
 12242 | D:8      | Bought a ring of protection from fire for 300 gold pieces
 12297 | D:7      | Reached skill level 1 in Evocations
 12408 | D:8      | Reached ***** piety under Trog
 12533 | D:8      | Noticed a manticore
 12540 | D:8      | Killed a manticore
 12649 | D:8      | Reached skill level 5 in Evocations
 12911 | D:9      | Found a staircase to the Lair.
 13302 | D:9      | Gained mutation: Your touch may inflict minor irresistible
                  | damage on your foes. [demonic ancestry]
 13302 | D:9      | Reached XP level 11. HP: 69/80 MP: 11/11
 13572 | D:9      | Noticed Joseph
 13585 | D:9      | Killed Joseph
 13797 | D:9      | Found a staircase to the Orcish Mines.
 13806 | D:9      | Acquired a manual of Axes
 13977 | D:9      | Reached skill level 5 in Axes
 14098 | D:9      | Found an ancient bone altar of Kikubaaqudgha.
 14262 | D:10     | Entered Level 10 of the Dungeon
 14262 | D:10     | Noticed Erolcha
 14271 | D:10     | Killed Erolcha
 14476 | D:10     | Found an ornate altar of the Wu Jian Council.
 14777 | D:10     | Reached skill level 10 in Axes
 15059 | D:10     | Noticed a deep elf pyromancer
 15072 | D:10     | Killed a deep elf pyromancer
 16263 | Lair:1   | Entered Level 1 of the Lair of Beasts
 16674 | Lair:1   | Gained mutation: Your touch may inflict irresistible damage
                  | on your foes. [demonic ancestry]
 16674 | Lair:1   | Reached XP level 12. HP: 67/86 MP: 12/12
 17991 | Lair:1   | Reached skill level 6 in Fighting
 18427 | Lair:1   | Found a runed translucent door.
 18429 | Lair:1   | Noticed Bukhlaj's ghost (journeyman HOFi)
 18441 | Lair:1   | Reached skill level 7 in Fighting
 19653 | Lair:2   | Reached skill level 8 in Fighting
 20009 | Lair:2   | Reached skill level 9 in Fighting
 20542 | Lair:2   | Noticed Amaemon
 20564 | Lair:2   | Killed Amaemon
 20567 | Lair:2   | Noticed a seven-headed hydra
 20626 | Lair:2   | Reached skill level 10 in Fighting
 21233 | Lair:2   | Reached skill level 11 in Fighting
 21846 | Lair:2   | Found a staircase to the Swamp.
 21848 | Lair:2   | Noticed a six-headed hydra
 21854 | Lair:2   | Killed a six-headed hydra
 22307 | Lair:3   | Reached skill level 12 in Fighting
 22307 | Lair:3   | Reached XP level 13. HP: 102/108 MP: 13/13
 22466 | Lair:2   | Reached skill level 13 in Fighting
 23758 | Lair:3   | Found a staircase to the Snake Pit.
 25130 | Lair:4   | Reached skill level 5 in Armour
 26343 | Lair:5   | Entered Level 5 of the Lair of Beasts
 26843 | Lair:5   | Reached XP level 14. HP: 114/119 MP: 14/14
 27105 | Lair:5   | Found a staircase to the Slime Pits.
 28200 | Lair:5   | Reached skill level 10 in Armour
 29122 | Orc:1    | Entered Level 1 of the Orcish Mines
 29614 | Orc:1    | Reached skill level 5 in Shields
 30656 | Orc:2    | Entered Level 2 of the Orcish Mines
 31178 | Orc:2    | Found a staircase to the Elven Halls.
 31359 | Orc:2    | Found Tyqun's Antique Weapon Shop.
 31359 | Orc:2    | Found Hanni's General Store.
 31359 | Orc:2    | Found Remohyxa's Antique Armour Emporium.
 31359 | Orc:2    | Found Raffomau's Weapon Boutique.
 32146 | Orc:2    | Paralysed by something for 4 turns
 32246 | D:8      | Bought an amulet of reflection for 360 gold pieces
 32256 | D:8      | Bought a ring of see invisible for 180 gold pieces
 32384 | Orc:2    | Reached skill level 10 in Shields
 33539 | Orc:2    | Reached XP level 15. HP: 125/125 MP: 15/15
 34322 | D:11     | Found Utuegukogh's Assorted Antiques.
 34325 | D:11     | Bought a potion of haste for 260 gold pieces
 34325 | D:11     | Bought a potion of might for 104 gold pieces
 34325 | D:11     | Bought a potion of curing for 78 gold pieces
 34711 | D:11     | Upgraded the game from 0.30.0-5-g1a98f26d00 to
                  | 0.30.0-10-gfe55d96785
 34801 | D:12     | Reached skill level 14 in Fighting
 35740 | D:13     | Noticed Urug
 35740 | D:13     | Noticed Rupert
 35740 | D:13     | Found a gate to the Vaults.
 36488 | D:13     | Killed Rupert
 36923 | D:13     | Killed Urug
 38287 | D:14     | Reached skill level 5 in Polearms
 38446 | D:15     | Entered Level 15 of the Dungeon
 38931 | D:15     | Noticed Josephine
 38949 | D:15     | Killed Josephine
 39244 | D:15     | Noticed Louise
 39266 | D:15     | Killed Louise
 39267 | D:15     | Gained mutation: You have a pair of small horns on your
                  | head. [demonic ancestry]
 39267 | D:15     | Reached XP level 16. HP: 123/133 MP: 16/16
 39791 | D:15     | Found a staircase to the Depths.
 39818 | D:15     | Received a gift from Trog
 39995 | Orc:2    | Bought a potion of resistance for 120 gold pieces
 39995 | Orc:2    | Bought a scroll of fog for 48 gold pieces
 40184 | D:6      | Killed SecretSquirrel's ghost
 40190 | D:6      | Killed booth's ghost
 40191 | D:6      | Reached skill level 1 in Maces & Flails
 40196 | D:6      | Killed Nidhogg036's ghost
 40202 | D:6      | Killed Fractals's ghost
 40220 | D:6      | Identified the ring "Qioror" {rN++ Will+ rCorr EV+5 Dex-3}
 40504 | Lair:1   | Killed Bukhlaj's ghost
 40574 | Snake:1  | Entered Level 1 of the Snake Pit
 42377 | Snake:1  | Reached skill level 5 in Maces & Flails
 42955 | Snake:1  | Found Setuurph's Jewellery Boutique.
 42955 | Snake:1  | Found Emeun's Book Shoppe.
 42956 | Snake:1  | Found Jaade's Book Shoppe.
 42972 | Snake:1  | Bought a ring of poison resistance for 300 gold pieces
 43193 | Snake:1  | You fall into a shaft and drop 1 floor!
 44220 | Snake:2  | Found a runed translucent gate.
 44220 | Snake:2  | Found a runed translucent gate.
 44220 | Snake:2  | Found a runed translucent gate.
 44222 | Snake:2  | Noticed Zonian's ghost (adept HOFi)
 46330 | Snake:3  | Found Qaaj's Magic Scroll Boutique.
 46338 | Snake:3  | Bought a scroll of blinking for 120 gold pieces
 46338 | Snake:3  | Bought a scroll of enchant weapon for 120 gold pieces
 47220 | Snake:3  | Gained mutation: You are frail. (-10% HP) [a shining eye]
 47976 | Swamp:1  | Entered Level 1 of the Swamp
 48195 | Swamp:1  | Reached skill level 10 in Maces & Flails
 48859 | Swamp:2  | Reached skill level 5 in Dodging
 48868 | Swamp:2  | Reached XP level 17. HP: 97/125 MP: 17/17
 49950 | Swamp:2  | Found a runed translucent door.
 49953 | Swamp:2  | Noticed Huckebein's ghost (journeyman GrMo)
 49953 | Swamp:2  | Identified the +0 spear of Destiny {venom, rElec}
 49953 | Swamp:2  | Noticed a tentacled monstrosity
 52039 | Swamp:4  | Entered Level 4 of the Swamp
 52051 | Swamp:4  | Identified the +3 mace of Beyond {venom, *Corrode Will-
                  | Dex+6 SInv}
 53822 | Swamp:4  | Noticed a bone dragon
 54002 | Swamp:4  | Reached skill level 10 in Dodging
 55029 | Swamp:4  | Killed a bone dragon
 55357 | Swamp:4  | Got a decaying rune of Zot
 55586 | D:8      | Bought a ring of ice for 300 gold pieces
 55833 | Snake:4  | Entered Level 4 of the Snake Pit
 58878 | Snake:4  | Reached skill level 15 in Fighting
 59149 | Snake:4  | Reached XP level 18. HP: 127/134 MP: 18/18
 59881 | Snake:4  | Got a serpentine rune of Zot
 60306 | Vaults:1 | Entered Level 1 of the Vaults
 60400 | D:13     | Reached skill level 16 in Fighting
 61719 | Vaults:1 | Reached skill level 17 in Fighting
 63004 | Vaults:1 | Got the Spellbook of Xenomorphic Glaciation
 63168 | Vaults:1 | Reached skill level 18 in Fighting
 64042 | Vaults:2 | Found Canurch's Assorted Antiques.
 64050 | Vaults:2 | Bought a scroll of teleportation for 117 gold pieces
 64050 | Vaults:2 | Bought a potion of curing for 117 gold pieces
 66390 | Vaults:3 | Identified the +0 pair of gloves of Fedhas's Supremacy {rF-
                  | rC++ rCorr Str+4}
 66468 | Vaults:3 | Gained mutation: You have a pair of horns on your head.
                  | [demonic ancestry]
 66468 | Vaults:3 | Reached XP level 19. HP: 93/146 MP: 19/19
 66956 | Vaults:2 | Found a runed translucent gate.
 66956 | Vaults:2 | Found a runed translucent gate.
 66956 | Vaults:2 | Found a runed translucent gate.
 66956 | Vaults:2 | Noticed ragingrage's ghost (veteran HOFi)
 66999 | Vaults:2 | HP: 2/146 [orc knight/+0 great sword (16)]
 66999 | Vaults:2 | Annihilated by an orc warlord

Illustrated notes

Levels and vault maps discovered:
D:1:      nagdon_arrival_zigzag_paths, layout_basic,
          chequers_ecumenical_altar_island
D:2:      layout_basic, serial_shops, shop
D:3:      layout_rooms, nicolae_overflow_ecumenical_swirl,
          hellmonk_ghost_happy_afterlife, serial_aquarium,
          aquarium_bridge_straight [aquarium_subvault_bridge,
          aquarium_subvault_wall, aquarium_subvault_bridge,
          aquarium_subvault_balcony], aquarium_bridge_square
          [aquarium_subvault_bridge, aquarium_subvault_bridge,
          aquarium_subvault_wall, aquarium_subvault_window], aquarium_window_2,
          aquarium_window_corner, aquarium_window_fake, aquarium_window_fake,
          aquarium_view_2b, cheibrodos_sewer_entry_sluice, uniq_jessica
D:4:      layout_basic, mainiacjoe_overflow_surrounded_room,
          grunt_temple_overflow_open, minmay_temple_entry_large_hall,
          uniq_menkaure
D:5:      layout_basic, ebering_ghost_sewer_f, dreamdust_princess_bridge
D:6:      layout_loops_cross, lemuel_crystal_altar, gammafunk_ghost_cemetery,
          uniq_eustachio, uniq_duvessa
D:7:      layout_loops_ring
D:8:      layout_gridville, led_sif_pool, enter_bailey_3, serial_shops,
          nicolae_square_shop, hangedman_abyss_or_decor_clamps
D:9:      layout_roguey, old_standard_altar, dpeg_oklobed_lair, erik_orc_4,
          uniq_joseph
D:10:     cheibrodos_grave_circle, layout_basic,
          pdpol_wu_jian_five_deadly_venoms, st_stairs_6,
          minmay_increasing_density, uniq_erolcha
D:11:     layout_stronghold, serial_shops, kennysheep_mini_moat, minivault_16
D:12:     layout_roguey, serial_glass, glass_columns_b, glass_columns_b,
          hangedman_abyss_or_decor_stagger
D:13:     layout_loops_ring, david_vaults_3
D:14:     layout_long_grid
D:15:     gammafunk_enter_depths_forms, layout_irregular_city,
          minmay_misc_feat_encased, uniq_louise, uniq_josephine
Lair:1:   layout_layer_cave, gammafunk_ghost_grave, grunt_megastairs_4,
          infiniplex_staircase_pool, serial_bayou_shore_a
Lair:2:   layout_gridlike, palyth_hydra_swamp_entry, beast_lair_carwin_9,
          uniq_amaemon
Lair:3:   minmay_lair_oklob_chamber, layout_chaotic_city,
          minmay_snake_entry_guardpost_large, minmay_holes,
          grunt_forest_stairs_basic
Lair:4:   layout_misc_corridors, pond, lemuel_fruit_fields, uniq_rupert
Lair:5:   grunt_lair_end_beastmaster, layout_concentric_octagons, slime_entry_1,
          serial_bayou_pond_c
Swamp:1:  layout_basic_swamp, portal_ice_cave_entry_pillars_four,
          evilmike_swamp_ruin_rubble_2, swamp_pool3
Swamp:2:  layout_basic_swamp, ebering_ghost_funeral_grove,
          evilmike_swamp_ruin_house_1, nicolae_swamp_tree_designs
Swamp:3:  layout_basic_swamp, hangedman_swamp_diagram
Swamp:4:  swamp_pestilence, layout_basic_swamp
Snake:1:  nicolae_snake_attic_fulla_snakes, layout_chambers, minmay_shop_grove
Snake:2:  layout_cave_town, ebering_ghost_rock_garden
Snake:3:  layout_grid_maze, minmay_shop_star
Snake:4:  johnstein_snake_rune_scales, layout_onion_interference,
          nicolae_snake_snake_lake, serial_bayou_lake_a
Orc:1:    layout_caves, basic_altar
Orc:2:    st_orc_ogre_mass, layout_diamond_mine
Vaults:1: nicolae_vaults_storage_closets_3, v_misc_5,
          nicolae_vaults_sightless_eye, nicolae_vaults_alarming, v_misc_27,
          nicolae_vaults_closet_pinwheel_1, nicolae_vaults_double_plus_2,
          nicolae_vaults_apartment_1, nicolae_vaults_enemy_cabinets,
          layout_vaults_omnigrid
Vaults:2: biasface_ghost_orc_armoury, grunt_vaults_diagonal,
          nicolae_vaults_house_3, hangedman_vaults_stream,
          nicolae_vaults_diamond_1, nicolae_vaults_diamond_2,
          minmay_crypt_entry_skeletal_spiral,
          nicolae_vaults_trapezoid_lopsided_2, nicolae_vaults_border_crossing,
          nicolae_vaults_specimen_jars, v_misc_30, layout_vaults_maze_snakey,
          serial_shops, shop
Vaults:3: mu_enter_wizlab_4, nicolae_vaults_storage_room_statues,
          nicolae_vaults_little_squares_5, v_misc_11, nicolae_vaults_prndl,
          not_door_vault_due, hangedman_vaults_capsules,
          nicolae_vaults_network_periphery, ontoclasm_vaults_pinch, v_rooms_1,
          nicolae_vaults_big_angled_halls, vaults_standard_mumra_x,
          layout_vaults_omnibox
Vaults:4: nicolae_vaults_murderbox, ontoclasm_vaults_chip,
          nicolae_vaults_big_angled_halls, v_misc_18, v_pattern_4,
          nicolae_vaults_turnstiles, v_misc_25, v_alt_pattern_6,
          nicolae_vaults_little_squares_6, v_misc_12,
          nicolae_vaults_trapezoid_lopsided_1, layout_vaults_ring

Skill      XL: |  1  2  3  4  5  6  7  8  9 10 11 12 13 14 15 16 17 18 |
---------------+-------------------------------------------------------+-----
Axes           | 3 4 12 13 | 13.6
Polearms       | 1 2 8 9 |  9.0
Ranged Weapons | 1 3 5 7 9 12 | 12.3
Dodging        | 4 5 11 | 11.5
Fighting       | 5 12 13 14 15 18 | 18.0
Evocations     | 6 |  6.6
Shields        | 4 12 | 12.7
Armour         | 8 10 12 | 12.6
Maces & Flails | 10 | 10.6

Action                     |  1- 3 |  4- 6 |  7- 9 | 10-12 | 13-15 | 16-18 | 19-21 || total
---------------------------+-------+-------+-------+-------+-------+-------+-------++-------
  Melee: Hand axe          |    47 |       |       |       |       |       |       ||    47
         Halberd           |    30 |    35 |       |       |       |       |       ||    65
         Kick              |       |     6 |       |    16 |   197 |   817 |    49 ||  1085
         Demon whip        |       |       |       |    33 |   243 |       |       ||   276
         Demon trident     |       |       |       |       |   191 |   367 |       ||   558
         Broad axe         |       |       |       |       |    11 |       |       ||    11
         Eveningstar       |       |       |       |       |       |  1461 |    97 ||  1558
         Headbutt          |       |       |       |       |       |   501 |    39 ||   540
   Fire: Sling             |       |   119 |   348 |   884 |  1158 |   117 |       ||  2626
         Arbalest          |       |       |    11 |    32 |       |       |       ||    43
 Invoke: Berserk           |     4 |     2 |       |     2 |     7 |       |       ||    15
         Trog's Hand       |       |       |     1 |     8 |    20 |    51 |     6 ||    86
         Brothers in Arms  |       |       |       |     5 |     5 |     1 |       ||    11
  Evoke: Wand              |       |       |       |    30 |    26 |    50 |       ||   106
         Lightning rod     |       |       |       |       |    11 |    28 |     2 ||    41
         Tin of tremorston |       |       |       |       |     3 |     6 |       ||     9
         Box of beasts     |       |       |       |       |       |     4 |       ||     4
         Phial of floods   |       |       |       |       |       |     1 |       ||     1
    Use: Scroll            |       |    11 |     5 |    12 |    21 |    34 |     2 ||    85
         Potion            |       |       |       |       |       |    29 |       ||    29
   Stab: Sleeping          |     1 |     1 |       |       |       |       |       ||     2
         Paralysed         |       |       |       |       |       |     5 |       ||     5
 Armour: Leather armour    |    16 |    19 |       |       |       |       |       ||    35
         Ring mail         |       |       |    61 |   225 |   223 |       |       ||   509
         Plate armour      |       |       |       |       |   272 |  1062 |    27 ||  1361
  Dodge: Dodged            |    42 |    60 |    80 |   340 |   349 |   567 |    27 ||  1465
  Block: Buckler           |       |       |       |    69 |    97 |       |       ||   166
         Kite shield       |       |       |       |       |   450 |   578 |    78 ||  1106
         Reflection        |       |       |       |       |    36 |   161 |     4 ||   201
         Tower shield      |       |       |       |       |       |  1684 |       ||  1684
